AoeStats
← Tarco I4967

Oasis

509880214Analyzed
3v3 RM · 5d ago on Sep 28, 2026· 19m 10s· 6 players
Game mode
Random Map
Map size
Normal (6 player)
Population
200
Speed
Normal
Resources
Standard
Victory
Conquest
Starting age
Dark Age
Ending age
Imperial Age
RankedLock teamsTeams togetherTeam positionsShared explorationLock speedFull tech treeHidden civsTurbo modeCheats
Victory
Defeat
🇦🇷 Bulgarians · Argentina
585
+18
🇵🇱 Burgundians · Poland
553
+33
🇷🇴 Turks · Romania
536
+19
🇯🇵 Ethiopians · Japan
673
-21
609
-18
🇺🇸 Magyars · United States
564
-17
Tarco I4967
5:31 Loom
12:58 Feudal Age
14:40 Wheelbarrow
15:43 Double-Bit Axe
16:27 Forging
16:33 Scale Mail Armor
17:55 Arson
18:38 Horse Collar
ninagwiazda
1:00 Loom
2:25 Wheelbarrow
14:52 Feudal Age
justifie
10:09 Feudal Age
10:59 Double-Bit Axe
10:56 Horse Collar
MyGO!!!!! Dr. Shiina Taki
1:48 Loom
Carpet Johan
4:16 Loom
11:49 Feudal Age
15:50 Castle Age
14:59 Double-Bit Axe
14:58 Horse Collar
Kobe Bryant
8:52 Feudal Age
10:58 Wheelbarrow
10:59 Double-Bit Axe
12:28 Bloodlines
16:47 Horse Collar
17:55 Loom
Connection lost

Rejoining the realm…

Still unreachable

The connection could not be restored.

Session expired

The server has moved on; the page needs a fresh start.